 Dungeon Sprint DCSS version 0.23.2-30-g0e89c35649 (webtiles) character file.

Game seed: 15530224671081622011

30437 Burgietje the Severer (level 13, -39/95 HPs)
             Began as a Gargoyle Necromancer on June 12, 2019.
             Was the Champion of Jiyva.
             Killed from afar by a deep elf annihilator (69 damage)
             ... with a crystal spear
             ... in the Dungeon (Sprint V: "Ziggurat Sprint").
             The game lasted 00:11:29 (610 turns).

Burgietje the Severer (Gargoyle Necromancer)         Turns: 610, Time: 00:11:30

Health: -39/95     AC: 35    Str: 23    XL:     13   Next: 51%
Magic:  25/25      EV: 10    Int: 18    God:    Jiyva [******]
Gold:   0          SH:  0    Dex: 14    Spells: 7/16 levels left

rFire    . . .     SeeInvis .   j - +5 executioner's axe (flame)
rCold    . . .     Gourm    .   (shield currently unavailable)
rNeg     + . .     Faith    .   b - +5 crystal plate armour
rPois    ∞         Spirit   .   (helmet restricted)
rElec    +         Reflect  .   (no cloak)
rCorr    +         Harm     .   (no gloves)
MR       .....     NoTele   +   (no boots)
Stlth    ..........             (no amulet)
HPRegen  0.25/turn              A - ring "Huustu" {rElec MP+9 Str+3 Dex+3 Stlth-}
MPRegen  0.19/turn              D - +6 ring of strength

@: no status effects
A: beak, icy blue scales 1, camouflage 1, negative energy resistance 1,
electricity resistance, unbreathing, acidic bite, eyeballs 1, petrification
resistance, rot immunity, sturdy frame 1, AC +9
a: Request Jelly, Slimify, Cure Bad Mutation, Renounce Religion


You were in the Dungeon.
You worshipped Jiyva.
Jiyva was exalted by your worship.
You were completely stuffed.

You visited 1 branch

Inventory:

Hand Weapons
 a - the +5 shortbow "Goalulytt" {flame, Int+3 Stlth+}
   (You found it in the Dungeon)

   It causes projectiles fired from it to burn those they strike, causing extra
   injury to most foes and up to half again as much damage against particularly
   susceptible opponents.
   It affects your intelligence (+3).
   It makes you more stealthy.
 j - a +5 executioner's axe of flaming (weapon)
 t - the +1 war axe "Ohei" {drain, *Rage rC+++ Dex+10}
   (You found it in the Dungeon)

   A truly terrible weapon, it drains the life of those it strikes.
   It affects your dexterity (+10).
   It renders you almost immune to cold.
   It may make you go berserk in combat.
Armour
 b - a +5 crystal plate armour (worn)
Magical Staves
 z - an uncursed staff of death
 H - an uncursed staff of energy
 K - an uncursed staff of power
Jewellery
 A - the ring "Huustu" (left hand) {rElec MP+9 Str+3 Dex+3 Stlth-}
   (You found it in the Dungeon)

   [ring of attention]

   It affects your strength (+3).
   It affects your dexterity (+3).
   It insulates you from electricity.
   It affects your magic capacity (+9).
   It makes you less stealthy.
 D - a +6 ring of strength (right hand)
 E - the amulet of the Air {Inacc +Fly rElec EV+5 RMsl}
   (You found it in the Dungeon)

   [amulet of inaccuracy]

   It reduces the accuracy of all your attacks.
   It affects your evasion (+5).
   It insulates you from electricity.
   It lets you fly.
   It protects you from missiles.
 G - an uncursed ring of wizardry
 I - an uncursed ring of protection from magic
 J - an uncursed ring of wizardry
Wands
 w - a wand of disintegration (7)
 x - a wand of iceblast (7)
 y - a wand of acid (7)
Scrolls
 i - 4 scrolls of blinking
 k - 4 scrolls of amnesia
 l - 7 scrolls of fog
 m - a scroll of holy word
 n - 5 scrolls of identify
 o - 5 scrolls of remove curse
 p - 2 scrolls of fear
Potions
 d - 10 potions of curing
 e - 15 potions of heal wounds
 f - 6 potions of haste
 g - 7 potions of magic
 h - 3 potions of berserk rage
 q - 2 potions of brilliance
 r - 2 potions of invisibility
 s - 3 potions of resistance
 u - 5 potions of agility
 v - 2 potions of might
Miscellaneous
 B - 4 sacks of spiders
 C - 2 boxes of beasts
Comestibles
 c - 7 rations


   Skills:
 - Level 16.6 Fighting
 * Level 20.6 Axes
 + Level 8.2 Armour
 - Level 10.6 Dodging
 - Level 2.1 Stealth
 - Level 2.0 Spellcasting
   Level 12.8 Summonings
 + Level 5.6 Necromancy


You had 7 spell levels left.
You knew the following spells:

 Your Spells              Type           Power        Failure   Level  Hunger
a - Pain                  Necr           ###.         54%         1    #......
b - Necromutation         Tmut/Necr      ##........   100%        8    #######

Your spell library contained the following spells:

 Spells                   Type           Power        Failure   Level  Hunger
 Summon Butterflies       Summ           #####...     3%          1    #......
 Summon Small Mammal      Summ           ####         3%          1    #......
 Call Imp                 Summ           #####...     4%          2    ###....
 Call Canine Familiar     Summ           #####...     10%         3    ###....
 Animate Skeleton         Necr           N/A          54%         1    #......
 Summon Demon             Summ           #####.....   67%         5    ######.
 Summon Guardian Golem    Hex/Summ       ####....     80%         3    ###....
 Vampiric Draining        Necr           ###.......   89%         3    ###....
 Regeneration             Chrm/Necr      ##........   99%         3    ###....
 Summon Ice Beast         Ice/Summ       ####....     99%         4    #####..
 Summon Lightning Spire   Summ/Air       ####....     99%         4    #####..
 Apportation              Tloc           #.....       100%        1    #......
 Confusing Touch          Hex            #.....       100%        1    #......
 Corona                   Hex            #......      100%        1    #......
 Flame Tongue             Conj/Fire      #....        100%        1    #......
 Freeze                   Ice            #...         100%        1    #......
 Infusion                 Chrm           #...         100%        1    #......
 Sandblast                Erth           #.....       100%        1    #......
 Shock                    Conj/Air       #...         100%        1    #......
 Ensorcelled Hibernation  Hex/Ice        #.....       100%        2    ###....
 Passwall                 Tmut/Erth      #.......     100%        2    ###....
 Shroud of Golubria       Chrm/Tloc      #.........   100%        2    ###....
 Song of Slaying          Chrm           #.......     100%        2    ###....
 Sticks to Snakes         Tmut           #.......     100%        2    ###....
 Swiftness                Chrm/Air       #.......     100%        2    ###....
 Throw Flame              Conj/Fire      #.....       100%        2    ###....
 Throw Frost              Conj/Ice       #.....       100%        2    ###....
 Confuse                  Hex            #.......     100%        3    ###....
 Gell's Gravitas          Tloc           #.........   100%        3    ###....
 Ozocubu's Armour         Chrm/Ice       #.......     100%        3    ###....
 Spectral Weapon          Hex/Chrm       #.......     100%        3    ###....
 Static Discharge         Conj/Air       #.......     100%        3    ###....
 Stone Arrow              Conj/Erth      #.....       100%        3    ###....
 Tukima's Dance           Hex            #.......     100%        3    ###....
 Airstrike                Air            #.........   100%        4    #####..
 Animate Dead             Necr           N/A          100%        4    #####..
 Cause Fear               Hex            #.........   100%        4    #####..
 Ice Form                 Ice/Tmut       #.......     100%        4    #####..
 Petrify                  Tmut/Erth      #.......     100%        4    #####..
 Sticky Flame             Conj/Fire      #.......     100%        4    #####..
 Throw Icicle             Conj/Ice       #.......     100%        4    #####..
 Dispel Undead            Necr           ###.....     100%        5    ######.
 Irradiate                Conj/Tmut      #.........   100%        5    ######.
 Lee's Rapid Deconstruct  Erth           #.........   100%        5    ######.
 Lightning Bolt           Conj/Air       #.........   100%        5    ######.
 Metabolic Englaciation   Hex/Ice        #.........   100%        5    ######.
 Silence                  Hex/Air        #.........   100%        5    ######.
 Summon Mana Viper        Hex/Summ       ####....     100%        5    ######.
 Yara's Violent Unravell  Hex/Tmut       #.........   100%        5    ######.
 Bolt of Cold             Conj/Ice       #.........   100%        6    #######
 Bolt of Fire             Conj/Fire      #.........   100%        6    #######
 Conjure Ball Lightning   Conj/Air       #.........   100%        6    #######
 Deflect Missiles         Chrm/Air       #.........   100%        6    #######
 Freezing Cloud           Conj/Ice/Air   #.........   100%        6    #######
 Hydra Form               Tmut           #.........   100%        6    #######
 Ozocubu's Refrigeration  Ice            #.........   100%        6    #######
 Simulacrum               Ice/Necr       ##........   100%        6    #######
 Dragon Form              Tmut           #.........   100%        7    #######
 Haunt                    Necr/Summ      #####.....   100%        7    #######
 Malign Gateway           Summ/Tloc      ####......   100%        7    #######
 Spellforged Servitor     Conj/Summ      ####......   100%        7    #######
 Borgnjor's Revivificati  Necr           ###.......   100%        8    #######
 Death's Door             Chrm/Necr      ##........   100%        8    #######
 Ignition                 Fire           #.........   100%        8    #######
 Infestation              Necr           ###.......   100%        8    #######
 Dragon's Call            Summ           #####.....   100%        9    #######
 Shatter                  Erth           #.........   100%        9    #######
 Tornado                  Air            #.........   100%        9    #######
 Statue Form              Tmut/Erth      Unusable     N/A         6    N/A

Dungeon Overview and Level Annotations

Branches:
Dungeon (1/1)

Altars:
Ashenzari
Cheibriados
Dithmenos
Elyvilon
Fedhas
Gozag
Hepliaklqana
Kikubaaqudgha
Makhleb
Nemelex Xobeh
Okawaru
Qazlal
Ru
Sif Muna
Trog
Uskayaw
Vehumet
Wu Jian
Xom
Yredelemnul
Zin
The Shining One
Beogh
Jiyva
Lugonu


Innate Abilities, Weirdness & Mutations

You are resistant to torment.
Your stone body is resilient. (AC +9)
You are immune to poison.
You resist negative energy. (rN+)
You are resistant to electric shocks. (rElec)
You can survive without breathing.
You are immune to petrification.
You are immune to rotting.
You have a beak for a mouth.
You are partially covered in icy blue scales. (AC +2)
Your skin changes colour to match your surroundings (Stealth+).
You have acidic saliva.
Your body has grown golden eyes which may confuse attackers. (Acc +3)
Your movements are slightly less encumbered by armour. (ER -2)


Message History

You feel a little less hungry.
You feel better.
The deep elf blademaster hits you but does no damage. x2
You slash the deep elf blademaster! You burn the deep elf blademaster.
You bite the deep elf blademaster, but do no damage.
The deep elf blademaster is lightly wounded.
You slice the deep elf annihilator!! You burn the deep elf annihilator.
The deep elf high priest prays to its god.
The deep elf high priest begins emitting a brilliant aura!
The deep elf annihilator mumbles some strange words.
The deep elf annihilator blinks!
The deep elf blademaster hits you but does no damage. x2
The deep elf annihilator points at you and mumbles some strange words.
The crystal spear hits you!!
* * * LOW HITPOINT WARNING * * *
You shudder from the blast and a jelly pops out!
You feel much better.
The deep elf annihilator points at you and mumbles some strange words.
The crystal spear hits you!!!
Ouch! That really hurt!
You die...

▓..eee}○}[}...▓..)|..
,
▓......e......▓......
▓.............▓......
▓....ee.......▓.....)
,
▓....e..e.....▓)..)..
,
▓..○.e.ee.....▓.)▓†..
, ,
▓.E▓.e.*...▓..▓.▓.▓..
▓.▓e▓ee...▓.▓ ▓..▓...
▓..▓@......▓..▓.....©
▓...(J........▓▓▓▓▓▓▓
▓......©......▓....8©
▓▓▓▓▓▓▓▓▓▓▓▓▓▓▓...)).
▓...})} ▓...... 8
▓...... ▓...... ,
▓......


You could see a deep elf blademaster, 3 deep elf annihilators, 2 deep elf
archers, 2 deep elf high priests, 4 deep elf magi, a fire elemental, a
battlesphere and a friendly death ooze.

Vanquished Creatures
  2 liches (D)
  A deep elf blademaster (D)
  A tentacled starspawn (D)
  An angel (D)
  2 reapers (D)
  A hell hog (D)
  A phantasmal warrior (D)
  2 necromancers (D)
  5 deep elf magi (D)
  An orc knight (D)
  A tormentor (D)
  A freezing wraith (D)
  A red devil (D)
  An ancient zyme (D)
  A troll (D)
  2 flying skulls (D)
  5 shadows (D)
  A yak (D)
  A wraith (D)
  A vampire (D)
  A basilisk (D)
  A warg (D)
  4 hell hounds (D)
  A large abomination (D)
  4 orc warriors (D)
  2 ice beasts (D)
  2 necrophages (D)
  A black bear (D)
  An ogre (D)
  A bullfrog (D)
  A wight (D)
  A crimson imp (D)
  2 quasits (D)
  2 orc priests (D)
  An iguana (D)
  3 orc wizards (D)
  A river rat (D)
  4 shadow imps (D)
  2 white imps (D)
  6 ufetubi (D)
  3 adder zombies (D)
  3 orcs (D)
  A bat skeleton (D)
  A bat zombie (D)
  A ball python zombie (D)
  2 giant cockroach zombies (D)
  A jackal skeleton (D)
  A jackal zombie (D)
  2 leopard gecko zombies (D)
  A quokka zombie (D)
  3 starspawn tentacles (D)
92 creatures vanquished.

Vanquished Creatures (collateral kills)
  An ancient lich (D)
  A vampire mage (D)
  2 necromancers (D)
  A deep elf mage (D)
  A red devil (D)
  3 merfolk (D)
  A shadow (D)
  3 spriggans (D)
  A fire elemental (D)
  4 wights (D)
  An adder skeleton (D)
  A jackal (D)
  A jackal zombie (D)
  2 fire vortices (D)
23 creatures vanquished.

Vanquished Creatures (others)
  A titan (shapeshifter) (D)
  4 acid blobs (shapeshifter) (D)
  A shadow dragon (shapeshifter) (D)
  A fire giant (shapeshifter) (D)
  2 entropy weavers (shapeshifter) (D)
  A death yak (shapeshifter) (D)
  A harpy (shapeshifter) (D)
  A wolf spider (shapeshifter) (D)
  2 mana vipers (shapeshifter) (D)
  A salamander (shapeshifter) (D)
  A moth of wrath (shapeshifter) (D)
  An eye of devastation (shapeshifter) (D)
  A torpor snail (shapeshifter) (D)
  A rime drake (shapeshifter) (D)
  A merfolk (D)
  A polar bear (shapeshifter) (D)
  A meliai (shapeshifter) (D)
  A queen bee (shapeshifter) (D)
  A wind drake (shapeshifter) (D)
  3 slime creatures (shapeshifter) (D)
  A snapping turtle (shapeshifter) (D)
  A golden eye (shapeshifter) (D)
  A hog (shapeshifter) (D)
  An acid dragon (shapeshifter) (D)
  A soldier ant (shapeshifter) (D)
  2 floating eyes (shapeshifter) (D)
  An eye of draining (shapeshifter) (D)
  A tengu (shapeshifter) (D)
  10 jellies (D)
  An adder skeleton (D)
  A leopard gecko (shapeshifter) (D)
  A bat skeleton (D)
  A bat zombie (D)
  A starspawn tentacle (D)
51 creatures vanquished.

Grand Total: 166 creatures vanquished

Notes
Turn   | Place    | Note
-------+----------+-------------------------------------------
     0 | D        | Found the +6 Majin-Bo {vamp, Archmagi MP+6 Int+6}
     0 | D        | Found the +7 great mace "Firestarter" {inner flame, rF++}
     0 | D        | Burgietje the Gargoyle Necromancer began the quest for the
                  | Orb.
     0 | D        | Reached XP level 1. HP: 10/10 MP: 3/3
     3 | D        | Found a blossoming altar of Fedhas.
     4 | D        | Found a viscous altar of Jiyva.
     4 | D        | Found a hazy altar of Hepliaklqana.
     4 | D        | Found a transporter.
     4 | D        | Found an opulent altar of Gozag.
     4 | D        | Found an ancient bone altar of Kikubaaqudgha.
     4 | D        | Found a corrupted altar of Lugonu.
     8 | D        | Found a burning altar of Makhleb.
     9 | D        | Found a sacrificial altar of Ru.
     9 | D        | Found a stormy altar of Qazlal.
     9 | D        | Found a deep blue altar of Sif Muna.
     9 | D        | Found an iron altar of Okawaru.
     9 | D        | Found a bloodstained altar of Trog.
     9 | D        | Found a sparkling altar of Nemelex Xobeh.
    46 | D        | Became a worshipper of Jiyva Jodgh the Shapeless
    46 | D        | Reached * piety under Jiyva
    46 | D        | Reached ** piety under Jiyva
    46 | D        | Reached *** piety under Jiyva
    46 | D        | Gained mutation: You are partially covered in iridescent
                  | scales. (AC +2) [Jiyva's grace]
    46 | D        | Reached **** piety under Jiyva
    46 | D        | Gained mutation: You have a small jelly attached to you
                  | that may absorb incoming projectiles. [Jiyva's grace]
    46 | D        | Gained mutation: You have a pair of small antennae on your
                  | head. [Jiyva's grace]
    46 | D        | Reached ***** piety under Jiyva
    46 | D        | Gained mutation: You have sharp toenails. [Jiyva's grace]
    46 | D        | Lost mutation: You have sharp toenails. [Jiyva's grace]
    46 | D        | Reached ****** piety under Jiyva
    46 | D        | Lost mutation: You are partially covered in iridescent
                  | scales. (AC +2) [Jiyva's grace]
    46 | D        | Gained mutation: You are dopey. (Int -2) [Jiyva's grace]
    46 | D        | Lost mutation: You are dopey. (Int -2) [Jiyva's grace]
    46 | D        | Gained mutation: Your body has grown golden eyes which may
                  | confuse attackers. (Acc +3) [Jiyva's grace]
    46 | D        | Gained mutation: You are covered in slimy tendrils that may
                  | disarm your opponents. [Jiyva's grace]
    46 | D        | Gained mutation: Your flesh is cold resistant. (rC+)
                  | [Jiyva's grace]
    46 | D        | Gained mutation: You are partially covered in rugged brown
                  | scales. (AC +1, +3% HP) [Jiyva's grace]
    46 | D        | Gained mutation: Your body has grown many golden eyes which
                  | may confuse attackers. (Acc +5) [Jiyva's grace]
    46 | D        | Gained mutation: You are partially covered in thin metallic
                  | scales. (AC +2) [Jiyva's grace]
    46 | D        | Gained mutation: You are weak. (Str -2) [Jiyva's grace]
    46 | D        | Gained mutation: Your translucent skin slightly reduces
                  | your foes' accuracy. (Stealth) [Jiyva's grace]
    46 | D        | Lost mutation: You are weak. (Str -2) [Jiyva's grace]
    46 | D        | Lost mutation: Your flesh is cold resistant. (rC+) [Jiyva's
                  | grace]
    46 | D        | Gained mutation: You are partially covered in iridescent
                  | scales. (AC +2) [Jiyva's grace]
    46 | D        | Gained mutation: Your rubbery body absorbs attacks. (AC +1,
                  | EV +1) [Jiyva's grace]
    46 | D        | Lost mutation: You have a pair of small antennae on your
                  | head. [Jiyva's grace]
    46 | D        | Lost mutation: You are partially covered in rugged brown
                  | scales. (AC +1, +3% HP) [Jiyva's grace]
    46 | D        | Lost mutation: Your body has grown many golden eyes which
                  | may confuse attackers. (Acc +5) [Jiyva's grace]
    46 | D        | Lost mutation: You are partially covered in iridescent
                  | scales. (AC +2) [Jiyva's grace]
    46 | D        | Gained mutation: You are surrounded by a mild repulsion
                  | field. (EV +2) [Jiyva's grace]
    46 | D        | Lost mutation: Your rubbery body absorbs attacks. (AC +1,
                  | EV +1) [Jiyva's grace]
    46 | D        | Gained mutation: Your body has grown many golden eyes which
                  | may confuse attackers. (Acc +5) [Jiyva's grace]
    46 | D        | Lost mutation: You are partially covered in thin metallic
                  | scales. (AC +2) [Jiyva's grace]
    46 | D        | Gained mutation: Your flesh is cold resistant. (rC+)
                  | [Jiyva's grace]
    46 | D        | Gained mutation: Your rubbery body absorbs attacks. (AC +1,
                  | EV +1) [Jiyva's grace]
    46 | D        | Gained mutation: Your translucent skin reduces your foes'
                  | accuracy. (Stealth) [Jiyva's grace]
    46 | D        | Lost mutation: Your flesh is cold resistant. (rC+) [Jiyva's
                  | grace]
    46 | D        | Lost mutation: You are covered in slimy tendrils that may
                  | disarm your opponents. [Jiyva's grace]
    46 | D        | Gained mutation: Your mind is acute. (Int +2) [Jiyva's
                  | grace]
    46 | D        | Lost mutation: Your mind is acute. (Int +2) [Jiyva's grace]
    46 | D        | Gained mutation: You passively map a small area around you.
                  | [Jiyva's grace]
    46 | D        | Lost mutation: Your translucent skin reduces your foes'
                  | accuracy. (Stealth) [Jiyva's grace]
    46 | D        | Gained mutation: You do not regenerate when monsters are
                  | visible. [Jiyva's grace]
    46 | D        | Lost mutation: You do not regenerate when monsters are
                  | visible. [Jiyva's grace]
    46 | D        | Gained mutation: You possess an exceptional clarity of
                  | mind. [Jiyva's grace]
    46 | D        | Lost mutation: You passively map a small area around you.
                  | [Jiyva's grace]
    46 | D        | Lost mutation: You have a small jelly attached to you that
                  | may absorb incoming projectiles. [Jiyva's grace]
    46 | D        | Lost mutation: You possess an exceptional clarity of mind.
                  | [Jiyva's grace]
    46 | D        | Lost mutation: You are surrounded by a mild repulsion
                  | field. (EV +2) [Jiyva's grace]
    46 | D        | Gained mutation: Your body is covered in golden eyes which
                  | may confuse attackers. (Acc +7, SInv) [Jiyva's grace]
    46 | D        | Gained mutation: You are covered in slimy tendrils that may
                  | disarm your opponents. [Jiyva's grace]
    46 | D        | Gained mutation: Your natural rate of healing is unusually
                  | fast. [Jiyva's grace]
    46 | D        | Gained mutation: Your movements are slightly less
                  | encumbered by armour. (ER -2) [Jiyva's grace]
    46 | D        | Gained mutation: Your spells are a little harder to cast,
                  | but a little more powerful. [Jiyva's grace]
    47 | D        | Gained mutation: You can translocate small distances at
                  | will. [Jiyva's grace]
    47 | D        | Lost mutation: Your spells are a little harder to cast, but
                  | a little more powerful. [Jiyva's grace]
    47 | D        | Gained mutation: You are somewhat resistant to further
                  | mutation. [Jiyva's grace]
    47 | D        | Lost mutation: Your body is covered in golden eyes which
                  | may confuse attackers. (Acc +7, SInv) [Jiyva's grace]
    47 | D        | Gained mutation: You have a small jelly attached to you
                  | that senses nearby items. [Jiyva's grace]
    48 | D        | Lost mutation: You have a small jelly attached to you that
                  | senses nearby items. [Jiyva's grace]
    48 | D        | Gained mutation: You are robust. (+10% HP) [Jiyva's grace]
    48 | D        | Lost mutation: Your natural rate of healing is unusually
                  | fast. [Jiyva's grace]
    48 | D        | Gained mutation: You are resistant to hostile enchantments.
                  | (MR+) [Jiyva's grace]
    48 | D        | Lost mutation: You are robust. (+10% HP) [Jiyva's grace]
    48 | D        | Lost mutation: Your body has grown many golden eyes which
                  | may confuse attackers. (Acc +5) [Jiyva's grace]
    48 | D        | Gained mutation: You are somewhat resistant to both further
                  | mutation and mutation removal. [Jiyva's grace]
    48 | D        | Lost mutation: Your body has grown golden eyes which may
                  | confuse attackers. (Acc +3) [Jiyva's grace]
    48 | D        | Lost mutation: You are resistant to hostile enchantments.
                  | (MR+) [Jiyva's grace]
    48 | D        | Lost mutation: You are somewhat resistant to both further
                  | mutation and mutation removal. [Jiyva's grace]
    48 | D        | Lost mutation: Your translucent skin slightly reduces your
                  | foes' accuracy. (Stealth) [Jiyva's grace]
    48 | D        | Gained mutation: Your spells are a little harder to cast,
                  | but a little more powerful. [Jiyva's grace]
    48 | D        | Gained mutation: You are agile. (Dex +2) [Jiyva's grace]
    48 | D        | Lost mutation: You can translocate small distances at will.
                  | [Jiyva's grace]
    51 | D        | Lost mutation: Your spells are a little harder to cast, but
                  | a little more powerful. [Jiyva's grace]
    51 | D        | Gained mutation: Your flesh is heat resistant. (rF+)
                  | [Jiyva's grace]
    51 | D        | Lost mutation: Your flesh is heat resistant. (rF+) [Jiyva's
                  | grace]
    51 | D        | Gained mutation: Your skin changes colour to match your
                  | surroundings (Stealth+). [Jiyva's grace]
    51 | D        | Lost mutation: Your skin changes colour to match your
                  | surroundings (Stealth+). [Jiyva's grace]
    53 | D        | Lost mutation: You are agile. (Dex +2) [Jiyva's grace]
    54 | D        | Killed a snapping turtle
    54 | D        | Gained mutation: You have a small jelly attached to you
                  | that may absorb incoming projectiles. [Jiyva's grace]
    54 | D        | Gained mutation: You possess an exceptional clarity of
                  | mind. [Jiyva's grace]
    54 | D        | Lost mutation: You are somewhat resistant to further
                  | mutation. [Jiyva's grace]
    56 | D        | Lost mutation: You possess an exceptional clarity of mind.
                  | [Jiyva's grace]
    57 | D        | Killed a moth of wrath
    57 | D        | Gained mutation: Your translucent skin slightly reduces
                  | your foes' accuracy. (Stealth) [Jiyva's grace]
    58 | D        | Gained mutation: You have a pair of small antennae on your
                  | head. [Jiyva's grace]
    58 | D        | Gained mutation: You are partially covered in rugged brown
                  | scales. (AC +1, +3% HP) [Jiyva's grace]
    58 | D        | Gained mutation: Your muscles are strong. (Str +2) [Jiyva's
                  | grace]
    60 | D        | Gained mutation: Your mind is acute. (Int +2) [Jiyva's
                  | grace]
    60 | D        | Lost mutation: Your rubbery body absorbs attacks. (AC +1,
                  | EV +1) [Jiyva's grace]
    61 | D        | Lost mutation: You have a pair of small antennae on your
                  | head. [Jiyva's grace]
    62 | D        | Lost mutation: Your muscles are strong. (Str +2) [Jiyva's
                  | grace]
    64 | D        | Killed an acid blob
    64 | D        | Lost mutation: Your mind is acute. (Int +2) [Jiyva's grace]
    64 | D        | Gained mutation: Your flesh is heat resistant. (rF+)
                  | [Jiyva's grace]
    64 | D        | Gained mutation: Potions are less effective at restoring
                  | your health. [Jiyva's grace]
    64 | D        | Gained mutation: Armour fits poorly on your pseudopods.
                  | [Jiyva's grace]
    64 | D        | Gained mutation: Your large and strong wings let you fly
                  | indefinitely. [Jiyva's grace]
    64 | D        | Gained mutation: You are agile. (Dex +2) [Jiyva's grace]
    64 | D        | Lost mutation: You are covered in slimy tendrils that may
                  | disarm your opponents. [Jiyva's grace]
    65 | D        | Killed a floating eye
    65 | D        | Killed a rime drake
    66 | D        | Gained mutation: You have a small jelly attached to you
                  | that senses nearby items. [Jiyva's grace]
    66 | D        | Gained mutation: Your flesh is very heat resistant. (rF++)
                  | [Jiyva's grace]
    66 | D        | Lost mutation: Your translucent skin slightly reduces your
                  | foes' accuracy. (Stealth) [Jiyva's grace]
    66 | D        | Gained mutation: Your body has grown golden eyes which may
                  | confuse attackers. (Acc +3) [Jiyva's grace]
    67 | D        | Killed a meliai
    68 | D        | Lost mutation: You are agile. (Dex +2) [Jiyva's grace]
    68 | D        | Killed a slime creature
    70 | D        | Killed an eye of devastation
    71 | D        | Killed a floating eye
    72 | D        | Killed an acid blob
    72 | D        | Lost mutation: Armour fits poorly on your pseudopods.
                  | [Jiyva's grace]
    74 | D        | Gained mutation: You are agile. (Dex +2) [Jiyva's grace]
    74 | D        | Killed a fire giant
    77 | D        | Lost mutation: Your body has grown golden eyes which may
                  | confuse attackers. (Acc +3) [Jiyva's grace]
    80 | D        | Gained mutation: You have acidic saliva. [Jiyva's grace]
    82 | D        | Killed an acid blob
    84 | D        | Lost mutation: You have acidic saliva. [Jiyva's grace]
    84 | D        | Gained mutation: You occasionally shout uncontrollably at
                  | your foes. [Jiyva's grace]
    84 | D        | Killed a salamander
    85 | D        | Killed a slime creature
    88 | D        | Killed a polar bear
    88 | D        | Lost mutation: You are agile. (Dex +2) [Jiyva's grace]
    89 | D        | Killed an acid dragon
    90 | D        | Killed a mana viper
    91 | D        | Lost mutation: Your large and strong wings let you fly
                  | indefinitely. [Jiyva's grace]
    92 | D        | Entered arena 2.
    92 | D        | Found a transporter.
    93 | D        | Killed an acid blob
    93 | D        | Killed a golden eye
    93 | D        | Killed an entropy weaver
    94 | D        | Reached skill level 1 in Fighting
    94 | D        | Reached skill level 1 in Axes
    94 | D        | Killed a slime creature
    94 | D        | Lost mutation: Potions are less effective at restoring your
                  | health. [Jiyva's grace]
    94 | D        | Lost mutation: Your movements are slightly less encumbered
                  | by armour. (ER -2) [Jiyva's grace]
    96 | D        | Killed an eye of draining
    97 | D        | Lost mutation: You occasionally shout uncontrollably at
                  | your foes. [Jiyva's grace]
   100 | D        | Gained mutation: You passively map a small area around you.
                  | [Jiyva's grace]
   103 | D        | Got the Handbook of Unholy Companions
   103 | D        | Gained mutation: You are partially covered in slimy green
                  | scales. (AC +2) [Jiyva's grace]
   105 | D        | Gained mutation: You are robust. (+10% HP) [Jiyva's grace]
   106 | D        | Got the +5 shortbow "Goalulytt" {flame, Int+3 Stlth+}
   106 | D        | Gained mutation: Armour fits poorly on your pseudopods.
                  | [Jiyva's grace]
   110 | D        | Entered arena 3.
   110 | D        | Noticed a fire elemental
   110 | D        | Found a transporter.
   111 | D        | Found the +7 captain's cutlass {speed, disarm}
   113 | D        | Gained mutation: You are resistant to hostile enchantments.
                  | (MR+) [Jiyva's grace]
   114 | D        | Killed a fire elemental
   114 | D        | Reached skill level 5 in Axes
   114 | D        | Reached XP level 2. HP: 18/24 MP: 5/5
   114 | D        | Reached XP level 3. HP: 22/30 MP: 6/6
   114 | D        | Reached XP level 4. HP: 27/36 MP: 7/7
   115 | D        | Lost mutation: You are robust. (+10% HP) [Jiyva's grace]
   118 | D        | Killed a shadow dragon
   119 | D        | Lost mutation: You are partially covered in slimy green
                  | scales. (AC +2) [Jiyva's grace]
   120 | D        | Gained mutation: You are partially covered in yellow
                  | scales. (AC +2) [Jiyva's grace]
   120 | D        | Killed an entropy weaver
   123 | D        | Lost mutation: You are resistant to hostile enchantments.
                  | (MR+) [Jiyva's grace]
   123 | D        | Killed a titan
   125 | D        | Killed a wolf spider
   126 | D        | Killed a soldier ant
   128 | D        | Gained mutation: Your rubbery body absorbs attacks. (AC +1,
                  | EV +1) [Jiyva's grace]
   130 | D        | Gained mutation: You are covered in slimy tendrils that may
                  | disarm your opponents. [Jiyva's grace]
   131 | D        | Entered arena 4.
   131 | D        | Noticed a merfolk
   131 | D        | Noticed a merfolk
   131 | D        | Noticed a merfolk
   131 | D        | Noticed a merfolk
   131 | D        | Found a transporter.
   132 | D        | Killed a queen bee
   132 | D        | Lost mutation: You are partially covered in rugged brown
                  | scales. (AC +1, +3% HP) [Jiyva's grace]
   134 | D        | Gained mutation: You evolve. [Jiyva's grace]
   134 | D        | Lost mutation: You passively map a small area around you.
                  | [Jiyva's grace]
   134 | D        | Lost mutation: You have a small jelly attached to you that
                  | may absorb incoming projectiles. [Jiyva's grace]
   134 | D        | Gained mutation: You expend magic power (3 MP) to
                  | strengthen your wands. [Jiyva's grace]
   134 | D        | Lost mutation: You are covered in slimy tendrils that may
                  | disarm your opponents. [Jiyva's grace]
   134 | D        | Lost mutation: You expend magic power (3 MP) to strengthen
                  | your wands. [Jiyva's grace]
   135 | D        | Killed a merfolk
   135 | D        | Reached skill level 7 in Axes
   135 | D        | Reached XP level 5. HP: 29/40 MP: 8/8
   135 | D        | Killed a merfolk
   135 | D        | Reached skill level 8 in Axes
   135 | D        | Reached XP level 6. HP: 36/48 MP: 9/9
   136 | D        | Killed a merfolk
   136 | D        | Reached skill level 10 in Fighting
   136 | D        | Reached skill level 9 in Axes
   137 | D        | Lost mutation: You evolve. [Jiyva's grace]
   138 | D        | Killed a merfolk
   138 | D        | Reached XP level 7. HP: 28/54 MP: 10/10
   139 | D        | Lost mutation: You are partially covered in yellow scales.
                  | (AC +2) [Jiyva's grace]
   139 | D        | Gained mutation: You are partially covered in icy blue
                  | scales. (AC +2) [Jiyva's grace]
   139 | D        | Killed a harpy
   140 | D        | Gained mutation: You have a pair of small antennae on your
                  | head. [Jiyva's grace]
   140 | D        | Gained mutation: You are agile. (Dex +2) [Jiyva's grace]
   140 | D        | Lost mutation: You have a small jelly attached to you that
                  | senses nearby items. [Jiyva's grace]
   140 | D        | Gained mutation: Your body has grown golden eyes which may
                  | confuse attackers. (Acc +3) [Jiyva's grace]
   141 | D        | Got the Almanac of Lucky Confrontation
   141 | D        | Lost mutation: You are agile. (Dex +2) [Jiyva's grace]
   142 | D        | Gained mutation: You are partially covered in yellow
                  | scales. (AC +2) [Jiyva's grace]
   142 | D        | Gained mutation: Your body has grown many golden eyes which
                  | may confuse attackers. (Acc +5) [Jiyva's grace]
   142 | D        | Gained mutation: You evolve. [Jiyva's grace]
   143 | D        | Gained mutation: You are covered in slimy tendrils that may
                  | disarm your opponents. [Jiyva's grace]
   143 | D        | Lost mutation: You evolve. [Jiyva's grace]
   144 | D        | Entered arena 5.
   144 | D        | Noticed a spriggan
   144 | D        | Noticed a spriggan
   144 | D        | Noticed a spriggan
   144 | D        | Gained mutation: You are robust. (+10% HP) [Jiyva's grace]
   144 | D        | Found a transporter.
   145 | D        | Killed a death yak
   145 | D        | Gained mutation: Your body is covered in golden eyes which
                  | may confuse attackers. (Acc +7, SInv) [Jiyva's grace]
   145 | D        | Lost mutation: You are partially covered in icy blue
                  | scales. (AC +2) [Jiyva's grace]
   146 | D        | Reached skill level 10 in Axes
   146 | D        | Killed a spriggan
   146 | D        | Killed a spriggan
   147 | D        | Killed a spriggan
   147 | D        | Reached skill level 11 in Axes
   147 | D        | Reached XP level 8. HP: 68/68 MP: 11/11
   147 | D        | Gained mutation: Your movements are slightly less
                  | encumbered by armour. (ER -2) [Jiyva's grace]
   147 | D        | Lost mutation: You are partially covered in yellow scales.
                  | (AC +2) [Jiyva's grace]
   148 | D        | Gained mutation: You are partially covered in icy blue
                  | scales. (AC +2) [Jiyva's grace]
   150 | D        | Gained mutation: You possess an exceptional clarity of
                  | mind. [Jiyva's grace]
   151 | D        | Lost mutation: Your body is covered in golden eyes which
                  | may confuse attackers. (Acc +7, SInv) [Jiyva's grace]
   152 | D        | Gained mutation: You are covered in fur. (AC +1) [Jiyva's
                  | grace]
   154 | D        | Gained mutation: You are somewhat resistant to further
                  | mutation. [Jiyva's grace]
   157 | D        | Entered arena 6.
   157 | D        | Lost mutation: You are somewhat resistant to further
                  | mutation. [Jiyva's grace]
   157 | D        | Lost mutation: You have a pair of small antennae on your
                  | head. [Jiyva's grace]
   157 | D        | Found a transporter.
   159 | D        | Gained mutation: You are weak. (Str -2) [Jiyva's grace]
   160 | D        | Lost mutation: You are weak. (Str -2) [Jiyva's grace]
   160 | D        | Lost mutation: You are robust. (+10% HP) [Jiyva's grace]
   160 | D        | Gained mutation: You have sharp toenails. [Jiyva's grace]
   160 | D        | Lost mutation: You have sharp toenails. [Jiyva's grace]
   161 | D        | Lost mutation: You possess an exceptional clarity of mind.
                  | [Jiyva's grace]
   163 | D        | Gained mutation: Your body is covered in golden eyes which
                  | may confuse attackers. (Acc +7, SInv) [Jiyva's grace]
   164 | D        | Lost mutation: You are covered in slimy tendrils that may
                  | disarm your opponents. [Jiyva's grace]
   164 | D        | Gained mutation: Your pliable body absorbs attacks. (AC +2,
                  | EV +2) [Jiyva's grace]
   164 | D        | Lost mutation: Your movements are slightly less encumbered
                  | by armour. (ER -2) [Jiyva's grace]
   165 | D        | Lost mutation: You are covered in fur. (AC +1) [Jiyva's
                  | grace]
   167 | D        | Gained mutation: You passively map a small area around you.
                  | [Jiyva's grace]
   167 | D        | Killed a wind drake
   167 | D        | Gained mutation: You have a small jelly attached to you
                  | that senses nearby items. [Jiyva's grace]
   167 | D        | Gained mutation: You have supernaturally acute eyesight.
                  | (SInv) [Jiyva's grace]
   170 | D        | Got the Collected Works on Creative Shape Shifting
   170 | D        | Lost mutation: Your pliable body absorbs attacks. (AC +2,
                  | EV +2) [Jiyva's grace]
   171 | D        | Gained mutation: You are clumsy. (Dex -2) [Jiyva's grace]
   172 | D        | Lost mutation: You are clumsy. (Dex -2) [Jiyva's grace]
   173 | D        | Got the Catalogue of Snow
   174 | D        | Gained mutation: You are covered in slimy tendrils that may
                  | disarm your opponents. [Jiyva's grace]
   174 | D        | Gained mutation: You have a pair of small horns on your
                  | head. [Jiyva's grace]
   175 | D        | Killed a mana viper
   175 | D        | Gained mutation: You have sharp toenails. [Jiyva's grace]
   177 | D        | Lost mutation: Your flesh is very heat resistant. (rF++)
                  | [Jiyva's grace]
   178 | D        | Killed a torpor snail
   180 | D        | Gained mutation: You evolve. [Jiyva's grace]
   181 | D        | Entered arena 7.
   181 | D        | Noticed a deep elf mage
   181 | D        | Noticed a deep elf mage
   181 | D        | Noticed a deep elf mage
   181 | D        | Noticed a deep elf mage
   181 | D        | Noticed a deep elf mage
   181 | D        | Noticed a deep elf mage
   181 | D        | Lost mutation: Your rubbery body absorbs attacks. (AC +1,
                  | EV +1) [Jiyva's grace]
   182 | D        | Lost mutation: You have a small jelly attached to you that
                  | senses nearby items. [Jiyva's grace]
   183 | D        | Noticed a smoke demon
   183 | D        | Found a transporter.
   183 | D        | Lost mutation: You have a pair of small horns on your head.
                  | [Jiyva's grace]
   184 | D        | Gained mutation: Your natural rate of healing is unusually
                  | fast. [Jiyva's grace]
   185 | D        | Lost mutation: Your body is covered in golden eyes which
                  | may confuse attackers. (Acc +7, SInv) [Jiyva's grace]
   185 | D        | Killed a deep elf mage
   186 | D        | Killed a deep elf mage
   186 | D        | Reached skill level 12 in Axes
   186 | D        | Gained mutation: You have a small jelly attached to you
                  | that may absorb incoming projectiles. [Jiyva's grace]
   187 | D        | Gained mutation: You are partially covered in rugged brown
                  | scales. (AC +1, +3% HP) [Jiyva's grace]
   187 | D        | Gained mutation: You have sharp fingernails. [Jiyva's
                  | grace]
   188 | D        | Lost mutation: You passively map a small area around you.
                  | [Jiyva's grace]
   189 | D        | Killed a deep elf mage
   189 | D        | Reached XP level 9. HP: 55/72 MP: 12/12
   189 | D        | Gained mutation: Your rubbery body absorbs attacks. (AC +1,
                  | EV +1) [Jiyva's grace]
   189 | D        | Lost mutation: You are partially covered in icy blue
                  | scales. (AC +2) [Jiyva's grace]
   190 | D        | Killed a deep elf mage
   190 | D        | Reached skill level 15 in Fighting
   190 | D        | Reached skill level 13 in Axes
   190 | D        | Gained mutation: You are partially covered in slimy green
                  | scales. (AC +2) [Jiyva's grace]
   193 | D        | Killed a deep elf mage
   193 | D        | Killed a deep elf mage
   193 | D        | Reached skill level 14 in Axes
   193 | D        | Lost mutation: You have a small jelly attached to you that
                  | may absorb incoming projectiles. [Jiyva's grace]
   193 | D        | Lost mutation: You have sharp toenails. [Jiyva's grace]
   193 | D        | Lost mutation: You have sharp fingernails. [Jiyva's grace]
   195 | D        | Gained mutation: You have a small jelly attached to you
                  | that senses nearby items. [Jiyva's grace]
   197 | D        | Lost mutation: Your natural rate of healing is unusually
                  | fast. [Jiyva's grace]
   199 | D        | Got the ring "Huustu" {rElec MP+9 Str+3 Dex+3 Stlth-}
   200 | D        | Lost mutation: Your flesh is heat resistant. (rF+) [Jiyva's
                  | grace]
   205 | D        | Gained mutation: Your translucent skin slightly reduces
                  | your foes' accuracy. (Stealth) [Jiyva's grace]
   207 | D        | Entered arena 8.
   208 | D        | Lost mutation: Your rubbery body absorbs attacks. (AC +1,
                  | EV +1) [Jiyva's grace]
   208 | D        | Gained mutation: Your translucent skin reduces your foes'
                  | accuracy. (Stealth) [Jiyva's grace]
   209 | D        | Found a transporter.
   210 | D        | Lost mutation: You are partially covered in rugged brown
                  | scales. (AC +1, +3% HP) [Jiyva's grace]
   211 | D        | Reached XP level 10. HP: 70/79 MP: 13/13
   212 | D        | Gained mutation: You have a pair of small antennae on your
                  | head. [Jiyva's grace]
   215 | D        | Gained mutation: Your body is covered in golden eyes which
                  | may confuse attackers. (Acc +7, SInv) [Jiyva's grace]
   215 | D        | Lost mutation: You evolve. [Jiyva's grace]
   215 | D        | Gained mutation: You are somewhat resistant to further
                  | mutation. [Jiyva's grace]
   215 | D        | Lost mutation: You are partially covered in slimy green
                  | scales. (AC +2) [Jiyva's grace]
   217 | D        | Gained mutation: You are weak. (Str -2) [Jiyva's grace]
   217 | D        | Lost mutation: Your translucent skin reduces your foes'
                  | accuracy. (Stealth) [Jiyva's grace]
   219 | D        | Lost mutation: You have supernaturally acute eyesight.
                  | (SInv) [Jiyva's grace]
   221 | D        | Gained mutation: You are agile. (Dex +2) [Jiyva's grace]
   224 | D        | Gained mutation: Your large and strong wings let you fly
                  | indefinitely. [Jiyva's grace]
   225 | D        | Lost mutation: You have a pair of small antennae on your
                  | head. [Jiyva's grace]
   225 | D        | Gained mutation: You are very agile. (Dex +4) [Jiyva's
                  | grace]
   228 | D        | Gained mutation: You have a pair of small antennae on your
                  | head. [Jiyva's grace]
   228 | D        | Gained mutation: Your mind is acute. (Int +2) [Jiyva's
                  | grace]
   228 | D        | Lost mutation: Your mind is acute. (Int +2) [Jiyva's grace]
   232 | D        | Gained mutation: Your translucent skin reduces your foes'
                  | accuracy. (Stealth) [Jiyva's grace]
   232 | D        | Lost mutation: You are somewhat resistant to further
                  | mutation. [Jiyva's grace]
   232 | D        | Gained mutation: You possess an exceptional clarity of
                  | mind. [Jiyva's grace]
   232 | D        | Gained mutation: Your spells are a little harder to cast,
                  | but a little more powerful. [Jiyva's grace]
   232 | D        | Lost mutation: Your spells are a little harder to cast, but
                  | a little more powerful. [Jiyva's grace]
   233 | D        | Lost mutation: You are very agile. (Dex +4) [Jiyva's grace]
   236 | D        | Gained mutation: You are partially covered in slimy green
                  | scales. (AC +2) [Jiyva's grace]
   237 | D        | Gained mutation: You expend magic power (3 MP) to
                  | strengthen your wands. [Jiyva's grace]
   242 | D        | Entered arena 9.
   244 | D        | Gained mutation: You are partially covered in rugged brown
                  | scales. (AC +1, +3% HP) [Jiyva's grace]
   246 | D        | Lost mutation: You have a small jelly attached to you that
                  | senses nearby items. [Jiyva's grace]
   247 | D        | Reached skill level 1 in Armour
   248 | D        | Lost mutation: You are partially covered in slimy green
                  | scales. (AC +2) [Jiyva's grace]
   249 | D        | Lost mutation: You are partially covered in rugged brown
                  | scales. (AC +1, +3% HP) [Jiyva's grace]
   251 | D        | Lost mutation: You are agile. (Dex +2) [Jiyva's grace]
   253 | D        | Lost mutation: You possess an exceptional clarity of mind.
                  | [Jiyva's grace]
   253 | D        | Gained mutation: You have supernaturally acute eyesight.
                  | (SInv) [Jiyva's grace]
   254 | D        | Found a transporter.
   264 | D        | Lost mutation: Your large and strong wings let you fly
                  | indefinitely. [Jiyva's grace]
   274 | D        | Gained mutation: You are partially covered in rugged brown
                  | scales. (AC +1, +3% HP) [Jiyva's grace]
   276 | D        | Entered arena 10.
   276 | D        | Noticed a tentacled starspawn
   277 | D        | Found a transporter.
   277 | D        | Lost mutation: You are covered in slimy tendrils that may
                  | disarm your opponents. [Jiyva's grace]
   277 | D        | Gained mutation: You have a pair of antennae on your head.
                  | [Jiyva's grace]
   283 | D        | Killed a tentacled starspawn
   283 | D        | Reached skill level 15 in Axes
   283 | D        | Reached skill level 5 in Armour
   285 | D        | Lost mutation: Armour fits poorly on your pseudopods.
                  | [Jiyva's grace]
   286 | D        | Gained mutation: Your mind is acute. (Int +2) [Jiyva's
                  | grace]
   286 | D        | Lost mutation: You are weak. (Str -2) [Jiyva's grace]
   287 | D        | Gained mutation: Armour fits poorly on your pseudopods.
                  | [Jiyva's grace]
   287 | D        | Lost mutation: Your body is covered in golden eyes which
                  | may confuse attackers. (Acc +7, SInv) [Jiyva's grace]
   288 | D        | Lost mutation: You have a pair of antennae on your head.
                  | [Jiyva's grace]
   291 | D        | Lost mutation: Armour fits poorly on your pseudopods.
                  | [Jiyva's grace]
   298 | D        | Lost mutation: You have a pair of small antennae on your
                  | head. [Jiyva's grace]
   305 | D        | Entered arena 11.
   305 | D        | Noticed an angel
   305 | D        | Lost mutation: Your translucent skin reduces your foes'
                  | accuracy. (Stealth) [Jiyva's grace]
   306 | D        | Reached skill level 5 in Dodging
   306 | D        | Reached XP level 11. HP: 86/86 MP: 14/14
   307 | D        | Lost mutation: You expend magic power (3 MP) to strengthen
                  | your wands. [Jiyva's grace]
   311 | D        | Lost mutation: You have supernaturally acute eyesight.
                  | (SInv) [Jiyva's grace]
   311 | D        | Gained mutation: Scrolls take you a little longer to read.
                  | [Jiyva's grace]
   313 | D        | Killed an angel
   313 | D        | Reached skill level 16 in Axes
   313 | D        | Reached skill level 5 in Summonings
   314 | D        | Found a transporter.
   315 | D        | Gained mutation: Your translucent skin reduces your foes'
                  | accuracy. (Stealth) [Jiyva's grace]
   318 | D        | Gained mutation: You have sharp toenails. [Jiyva's grace]
   323 | D        | Got Xiaror's Tome of Flames and Hexes
   327 | D        | Got the +1 war axe "Ohei" {drain, *Rage rC+++ Dex+10}
   334 | D        | Lost mutation: Your body has grown many golden eyes which
                  | may confuse attackers. (Acc +5) [Jiyva's grace]
   343 | D        | Gained mutation: You expend magic power (3 MP) to
                  | strengthen your wands. [Jiyva's grace]
   347 | D        | Gained mutation: Armour fits poorly on your pseudopods.
                  | [Jiyva's grace]
   347 | D        | Gained mutation: You have an increased reservoir of magic.
                  | (+10% MP) [Jiyva's grace]
   348 | D        | Entered arena 12.
   348 | D        | Noticed a necromancer
   348 | D        | Noticed a necromancer
   348 | D        | Noticed a necromancer
   349 | D        | Found the amulet of the Air {Inacc +Fly rElec EV+5 RMsl}
   351 | D        | Gained mutation: You have a pair of small antennae on your
                  | head. [Jiyva's grace]
   352 | D        | Found a transporter.
   354 | D        | Gained mutation: You are robust. (+10% HP) [Jiyva's grace]
   354 | D        | Gained mutation: You are partially covered in icy blue
                  | scales. (AC +2) [Jiyva's grace]
   356 | D        | Reached XP level 12. HP: 97/101 MP: 16/16
   357 | D        | Gained mutation: You are agile. (Dex +2) [Jiyva's grace]
   359 | D        | Reached skill level 17 in Axes
   363 | D        | Gained mutation: You are surrounded by a mild repulsion
                  | field. (EV +2) [Jiyva's grace]
   365 | D        | Gained mutation: Your flesh is heat resistant. (rF+)
                  | [Jiyva's grace]
   369 | D        | Lost mutation: You are robust. (+10% HP) [Jiyva's grace]
   376 | D        | Gained mutation: You have a small jelly attached to you
                  | that may absorb incoming projectiles. [Jiyva's grace]
   388 | D        | Lost mutation: You have a pair of small antennae on your
                  | head. [Jiyva's grace]
   394 | D        | Gained mutation: You evolve. [Jiyva's grace]
   397 | D        | Gained mutation: Your body has grown many golden eyes which
                  | may confuse attackers. (Acc +5) [Jiyva's grace]
   398 | D        | Lost mutation: You evolve. [Jiyva's grace]
   399 | D        | Entered arena 13.
   400 | D        | Identified the +6 scale mail of the Will of the Gods {MR+
                  | Dex+4}
   401 | D        | Found a transporter.
   401 | D        | Gained mutation: You are resistant to hostile enchantments.
                  | (MR+) [Jiyva's grace]
   401 | D        | Gained mutation: Your rubbery body absorbs attacks. (AC +1,
                  | EV +1) [Jiyva's grace]
   403 | D        | Lost mutation: You have a small jelly attached to you that
                  | may absorb incoming projectiles. [Jiyva's grace]
   407 | D        | Lost mutation: You are resistant to hostile enchantments.
                  | (MR+) [Jiyva's grace]
   408 | D        | Lost mutation: You are partially covered in rugged brown
                  | scales. (AC +1, +3% HP) [Jiyva's grace]
   408 | D        | Gained mutation: Your mind is very acute. (Int +4) [Jiyva's
                  | grace]
   408 | D        | Gained mutation: You have a small jelly attached to you
                  | that senses nearby items. [Jiyva's grace]
   409 | D        | Lost mutation: You expend magic power (3 MP) to strengthen
                  | your wands. [Jiyva's grace]
   418 | D        | Lost mutation: Armour fits poorly on your pseudopods.
                  | [Jiyva's grace]
   425 | D        | Lost mutation: Your body has grown many golden eyes which
                  | may confuse attackers. (Acc +5) [Jiyva's grace]
   426 | D        | Lost mutation: You have a small jelly attached to you that
                  | senses nearby items. [Jiyva's grace]
   427 | D        | Gained mutation: Your flesh is cold resistant. (rC+)
                  | [Jiyva's grace]
   431 | D        | Gained mutation: You have a pair of small horns on your
                  | head. [Jiyva's grace]
   437 | D        | Lost mutation: Your mind is very acute. (Int +4) [Jiyva's
                  | grace]
   437 | D        | Lost mutation: You are agile. (Dex +2) [Jiyva's grace]
   438 | D        | Lost mutation: Your translucent skin reduces your foes'
                  | accuracy. (Stealth) [Jiyva's grace]
   438 | D        | Gained mutation: Your movements are slightly less
                  | encumbered by armour. (ER -2) [Jiyva's grace]
   439 | D        | Entered arena 14.
   440 | D        | Gained mutation: Your muscles are strong. (Str +2) [Jiyva's
                  | grace]
   440 | D        | Gained mutation: Your translucent skin reduces your foes'
                  | accuracy. (Stealth) [Jiyva's grace]
   440 | D        | Gained mutation: You have razor-sharp toenails. [Jiyva's
                  | grace]
   440 | D        | Gained mutation: Your mind is very acute. (Int +4) [Jiyva's
                  | grace]
   440 | D        | Gained mutation: You have a small jelly attached to you
                  | that may absorb incoming projectiles. [Jiyva's grace]
   441 | D        | Found the +4 dagger "Morg" {pain, MR+ Int+5}
   441 | D        | Gained mutation: You possess an exceptional clarity of
                  | mind. [Jiyva's grace]
   442 | D        | Found a transporter.
   442 | D        | Lost mutation: You have a pair of small horns on your head.
                  | [Jiyva's grace]
   443 | D        | Lost mutation: Scrolls take you a little longer to read.
                  | [Jiyva's grace]
   443 | D        | Gained mutation: You have a small jelly attached to you
                  | that senses nearby items. [Jiyva's grace]
   445 | D        | Lost mutation: Your flesh is heat resistant. (rF+) [Jiyva's
                  | grace]
   446 | D        | Lost mutation: Your flesh is cold resistant. (rC+) [Jiyva's
                  | grace]
   447 | D        | Gained mutation: You have a pair of small antennae on your
                  | head. [Jiyva's grace]
   453 | D        | Gained mutation: Your muscles are very strong. (Str +4)
                  | [Jiyva's grace]
   453 | D        | Lost mutation: Your mind is very acute. (Int +4) [Jiyva's
                  | grace]
   460 | D        | Gained mutation: Your body has grown many golden eyes which
                  | may confuse attackers. (Acc +5) [Jiyva's grace]
   471 | D        | Lost mutation: Your body has grown many golden eyes which
                  | may confuse attackers. (Acc +5) [Jiyva's grace]
   478 | D        | Gained mutation: Armour fits poorly on your pseudopods.
                  | [Jiyva's grace]
   480 | D        | Entered arena 15.
   480 | D        | Noticed an ancient lich
   480 | D        | Noticed a lich
   482 | D        | Reached skill level 10 in Summonings
   482 | D        | Noticed a vampire mage
   483 | D        | Lost mutation: You have razor-sharp toenails. [Jiyva's
                  | grace]
   484 | D        | Killed an ancient lich
   484 | D        | Reached skill level 18 in Axes
   484 | D        | Lost mutation: Armour fits poorly on your pseudopods.
                  | [Jiyva's grace]
   484 | D        | Reached skill level 19 in Axes
   485 | D        | Noticed a lich
   487 | D        | Lost mutation: Your mind is acute. (Int +2) [Jiyva's grace]
   489 | D        | Killed a lich
   489 | D        | Reached skill level 10 in Dodging
   489 | D        | Reached XP level 13. HP: 25/95 MP: 17/17
   491 | D        | Found a transporter.
   493 | D        | Killed a lich
   496 | D        | Lost mutation: Your rubbery body absorbs attacks. (AC +1,
                  | EV +1) [Jiyva's grace]
   506 | D        | Lost mutation: You have an increased reservoir of magic.
                  | (+10% MP) [Jiyva's grace]
   515 | D        | Lost mutation: You have a small jelly attached to you that
                  | senses nearby items. [Jiyva's grace]
   517 | D        | Gained mutation: You are covered in slimy tendrils that may
                  | disarm your opponents. [Jiyva's grace]
   520 | D        | Entered arena 16.
   520 | D        | Gained mutation: Your flesh is heat resistant. (rF+)
                  | [Jiyva's grace]
   521 | D        | Noticed a reaper
   521 | D        | Noticed a reaper
   523 | D        | Gained mutation: You have very sharp teeth. [Jiyva's grace]
   523 | D        | Gained mutation: You expend magic power (3 MP) to
                  | strengthen your wands. [Jiyva's grace]
   523 | D        | Lost mutation: You have very sharp teeth. [Jiyva's grace]
   523 | D        | Gained mutation: You have a beak for a mouth. [Jiyva's
                  | grace]
   525 | D        | Identified the +7 glaive "Leteidun" {speed, MP+9 Int-5
                  | Stlth+}
   526 | D        | Gained mutation: You have a small jelly attached to you
                  | that senses nearby items. [Jiyva's grace]
   533 | D        | Killed a reaper
   533 | D        | Reached skill level 20 in Axes
   533 | D        | Lost mutation: Your muscles are very strong. (Str +4)
                  | [Jiyva's grace]
   536 | D        | Lost mutation: You expend magic power (3 MP) to strengthen
                  | your wands. [Jiyva's grace]
   542 | D        | Found a transporter.
   543 | D        | Lost mutation: Your flesh is heat resistant. (rF+) [Jiyva's
                  | grace]
   544 | D        | Gained mutation: You have acidic saliva. [Jiyva's grace]
   545 | D        | Lost mutation: You have a small jelly attached to you that
                  | may absorb incoming projectiles. [Jiyva's grace]
   547 | D        | Gained mutation: Your flesh is heat resistant. (rF+)
                  | [Jiyva's grace]
   548 | D        | Gained mutation: Your transparent skin significantly
                  | reduces your foes' accuracy. (Stealth) [Jiyva's grace]
   548 | D        | Lost mutation: You have a small jelly attached to you that
                  | senses nearby items. [Jiyva's grace]
   550 | D        | Lost mutation: You have sharp toenails. [Jiyva's grace]
   551 | D        | Killed a reaper
   552 | D        | Lost mutation: Your muscles are strong. (Str +2) [Jiyva's
                  | grace]
   552 | D        | Lost mutation: You have acidic saliva. [Jiyva's grace]
   555 | D        | Gained mutation: You have sharp fingernails. [Jiyva's
                  | grace]
   557 | D        | Gained mutation: Your flesh is cold resistant. (rC+)
                  | [Jiyva's grace]
   560 | D        | Lost mutation: You have sharp fingernails. [Jiyva's grace]
   562 | D        | Lost mutation: Your flesh is heat resistant. (rF+) [Jiyva's
                  | grace]
   568 | D        | Gained mutation: Your body sometimes deteriorates upon
                  | taking damage. [Jiyva's grace]
   575 | D        | Lost mutation: You are surrounded by a mild repulsion
                  | field. (EV +2) [Jiyva's grace]
   579 | D        | Lost mutation: Your transparent skin significantly reduces
                  | your foes' accuracy. (Stealth) [Jiyva's grace]
   579 | D        | Lost mutation: Your translucent skin reduces your foes'
                  | accuracy. (Stealth) [Jiyva's grace]
   579 | D        | Lost mutation: Your translucent skin slightly reduces your
                  | foes' accuracy. (Stealth) [Jiyva's grace]
   579 | D        | Gained mutation: Your skin changes colour to match your
                  | surroundings (Stealth+). [Jiyva's grace]
   582 | D        | Lost mutation: Your body sometimes deteriorates upon taking
                  | damage. [Jiyva's grace]
   584 | D        | Gained mutation: Your body has grown many golden eyes which
                  | may confuse attackers. (Acc +5) [Jiyva's grace]
   586 | D        | Lost mutation: You have a pair of small antennae on your
                  | head. [Jiyva's grace]
   586 | D        | Lost mutation: You possess an exceptional clarity of mind.
                  | [Jiyva's grace]
   589 | D        | Learned a level 8 spell: Necromutation
   589 | D        | Gained mutation: Your body is covered in golden eyes which
                  | may confuse attackers. (Acc +7, SInv) [Jiyva's grace]
   593 | D        | Lost mutation: Your flesh is cold resistant. (rC+) [Jiyva's
                  | grace]
   595 | D        | Lost mutation: You are covered in slimy tendrils that may
                  | disarm your opponents. [Jiyva's grace]
   596 | D        | Entered arena 17.
   599 | D        | Noticed a deep elf blademaster
   599 | D        | Noticed a deep elf high priest
   599 | D        | Gained mutation: You have acidic saliva. [Jiyva's grace]
   599 | D        | Noticed a deep elf high priest
   599 | D        | Noticed a deep elf annihilator
   600 | D        | Noticed a deep elf annihilator
   600 | D        | Noticed a deep elf annihilator
   600 | D        | Noticed a deep elf blademaster
   600 | D        | Identified the +5 dagger of the Eternal Warrior {pierce,
                  | rElec rPois rF+++ Dex-5}
   601 | D        | Lost mutation: Your body is covered in golden eyes which
                  | may confuse attackers. (Acc +7, SInv) [Jiyva's grace]
   608 | D        | Killed a deep elf blademaster
   608 | D        | Reached skill level 5 in Necromancy
   608 | D        | Lost mutation: Your body has grown many golden eyes which
                  | may confuse attackers. (Acc +5) [Jiyva's grace]
   609 | D        | HP: 3/95 [deep elf annihilator/crystal spear (23)]
   610 | D        | Killed from afar by a deep elf annihilator

Skill      XL: |  1  2  3  4  5  6  7  8  9 10 11 12 13 |
---------------+----------------------------------------+-----
Fighting       | 6 8 9 11 12 14 16 | 16.6
Axes           | 5 7 8 9 11 12 14 15 16 19 20 | 20.6
Armour         | 5 8 |  8.2
Dodging        | 5 6 10 | 10.6
Summonings     | 3 6 12 | 12.8
Necromancy     | 5 |  5.6
Stealth        | |  2.1
Spellcasting   | |  2.0

Action                   |  1- 3 |  4- 6 |  7- 9 | 10-12 | 13-15 || total
-------------------------+-------+-------+-------+-------+-------++-------
Melee: Executioner's axe |     6 |     5 |    20 |    62 |    33 ||   126
       Pseudopods        |     1 |     2 |     3 |     9 |       ||    15
       Kick              |       |       |     2 |    15 |     9 ||    26
       Peck              |       |       |       |       |     9 ||     9
       Bite              |       |       |       |       |     1 ||     1
Invok: Request Jelly     |       |     1 |     4 |     7 |     2 ||    14
  Use: Potion            |       |       |     1 |     5 |     2 ||     8
       Scroll            |       |       |       |     2 |       ||     2
 Stab: Confused          |       |       |     2 |     5 |     3 ||    10
       Distracted        |       |       |     1 |       |       ||     1
Armor: Crystal plate arm |    18 |    10 |    39 |   102 |    38 ||   207
Dodge: Dodged            |     1 |       |     4 |    76 |    35 ||   116
